 Dungeon Crawl Stone Soup version 0.31-a0-750-gfe7b580527 (webtiles) character file.

Game seed: 8858579950169910101

77 Newt the Trooper (level 4, 0/38 HPs)
             Began as a Demonspawn Gladiator on Sept 14, 2023.
             Succumbed to an adder's poison
             ... on level 3 of the Dungeon.
             The game lasted 00:02:34 (2085 turns).

Newt the Trooper (Demonspawn Gladiator)             Turns: 2085, Time: 00:02:36

Health: 0/38       AC:  4    Str: 16    XL:     4   Next: 14%
Magic:  4/4        EV: 12    Int: 10    God:
Gold:   1150       SH:  0    Dex: 14    Spells: 3/3 levels left

rFire   . . .        h - +1 whip (freeze)
rCold   . . .        (no shield)
rNeg    . . .        b - +1 leather armour
rPois   .            (helmet restricted)
rElec   .            (no cloak)
rCorr   .            (no gloves)
SInv    .            (no boots)
Will    +....        (no amulet)
Stlth   +            i - ring of flight
HPRegen 0.26/turn    (no ring)
MPRegen 0.09/turn

%: no passive effects
@: lethally poisoned (0 -> -5), enlightened, flying
A: antennae 1, foul stench 1
a: no special abilities


You were on level 3 of the Dungeon.
You visited 1 branch of the dungeon, and saw 3 of its levels.

You collected 1150 gold pieces.

Inventory:

Hand Weapons
 a - a +0 rapier
 f - a +0 whip of draining
 h - a +1 whip of freezing (weapon)
Missiles
 d - 3 throwing nets (quivered)
 e - a javelin
 m - 6 boomerangs
Armour
 b - a +1 leather armour (worn)
 c - a +0 helmet
Jewellery
 i - a ring of flight (left hand)
Scrolls
 k - a scroll of amnesia


   Skills:
 + Level 4.4 Fighting
 - Level 2.6 Short Blades
 - Level 1.7 Throwing
 - Level 2.6 Dodging


You had 3 spell levels left.
You didn't know any spells.
Your spell library contained the following spells:

 Spells                   Type           Power      Damage    Failure   Level
 Blink                    Tloc           0%         N/A       56%         2
 Lesser Beckoning         Tloc           0%         N/A       56%         2
 Momentum Strike          Conj/Tloc      0%         3d8       56%         2
 Hailstorm                Conj/Ice       0%         3d3       80%         3
 Manifold Assault         Tloc           0%         N/A       99%         4
 Summon Ice Beast         Ice/Summ       0%         N/A       99%         4
 Simulacrum               Ice/Necr       0%         N/A       100%        6


Dungeon Overview and Level Annotations

Branches:
Dungeon (3/15)

Altars:
Qazlal

Shops:
D:1 [


Innate Abilities, Weirdness & Mutations

You have a pair of small antennae on your head.
You may rarely emit foul miasma when damaged in melee.


Message History

You are too injured to fight recklessly!
You are too injured to fight recklessly!
You are too injured to fight recklessly!
You are too injured to fight recklessly!
You are too injured to fight recklessly!
You are too injured to fight recklessly!
Unknown command.
The phantom barely misses you. The adder attacks as it pursues you!
The adder bites you.
You barely miss the phantom.
The phantom is heavily damaged.
The adder bites you.
You are poisoned.
The adder poisons you!
You emit a cloud of foul miasma!
The phantom hits you.
* * * LOW HITPOINT WARNING * * *
The adder is engulfed in dark miasma.
The adder is poisoned.
The adder barely misses you. The phantom closely misses you.
It was a potion of enlightenment.
You feel more buoyant.
You feel sick.
The adder is engulfed in dark miasma.
The adder looks even sicker.
The adder seems to slow down.
The adder bites you.
* * * LOW HITPOINT WARNING * * *
You are lethally poisoned!
The adder poisons you! The phantom closely misses you.
As you read the scroll labelled INGI TYSKENYOCI, it crumbles to dust.
It is a scroll of enchant armour.
Your +0 leather armour glows green for a moment.
* * * LOW HITPOINT WARNING * * *
You feel sick.
The adder is no longer moving slowly.
The adder is engulfed in dark miasma.
The adder looks even sicker.
The adder seems to slow down.
You kill the adder!
The phantom hits you.
* * * LOW HITPOINT WARNING * * *
The phantom blinks!
You blink.
You feel more buoyant.
* * * LOW HITPOINT WARNING * * *
You feel sick. The phantom barely misses you.
You feel more buoyant.
You die...

#.#........♣._ .
........≈... ≈..
#......≈.♣♣♣♣♣$≈..
#......≈°g.....≈..
#..#...≈§≈≈≈≈≈≈≈..
#.................
#..†.....#########
#...†....#
#.@......#
#.W......#
#........<#
##...####... #.#.#
### #...# #.###
#.# #.#######


You could see a phantom and a hobgoblin.

Vanquished Creatures
  2 adders (D:3)
  A worm (D:2)
  3 dart slugs
  3 endoplasms (D:1)
  A giant cockroach (D:1)
  3 goblins
  3 hobgoblins
  4 jackals (D:1)
  10 kobolds
  4 quokkas
  5 ball pythons
  4 bats
  4 frilled lizards
  2 rats
49 creatures vanquished.

Notes
Turn   | Place    | Note
-------+----------+-------------------------------------------
     0 | D:1      | Newt the Demonspawn Gladiator began the quest for the Orb.
     0 | D:1      | Reached XP level 1. HP: 16/16 MP: 1/1
   215 | D:1      | Found Sesorgh's Antique Armour Emporium.
   310 | D:1      | Gained mutation: You have a pair of small antennae on your
                  | head. [demonic ancestry]
   310 | D:1      | Reached XP level 2. HP: 23/23 MP: 2/2
   330 | D:1      | Reached skill level 3 in Fighting
   771 | D:1      | Gained mutation: You may rarely emit foul miasma when
                  | damaged in melee. [demonic ancestry]
   771 | D:1      | Reached XP level 3. HP: 26/29 MP: 3/3
   935 | D:2      | Identified a scroll of acquirement
   935 | D:2      | Acquired 1081 gold pieces
  1846 | D:3      | Reached skill level 4 in Fighting
  2046 | D:3      | Reached XP level 4. HP: 32/38 MP: 4/4
  2066 | D:3      | Found a stormy altar of Qazlal.
  2066 | D:3      | Noticed a phantom
  2083 | D:3      | HP: 1/38 [phantom (3)]
  2085 | D:3      | Succumbed to an adder's poison

Illustrated notes

Levels and vault maps discovered:
D:1:      nagdon_arrival_double_spiral, layout_loops_ring, serial_shops, shop,
          minmay_tree_intersection
D:2:      layout_loops_ring, wad_woods_river_04
D:3:      layout_basic, mainiacjoe_overflow_brackets,
          mainiacjoe_overflow_cross_hatched, kennysheep_generic_room_11

Skill      XL: |  1  2  3 |
---------------+----------+-----
Fighting       | 3 4 |  4.4
Short Blades   | |  2.6
Throwing       | |  1.7
Dodging        | |  2.6

Action                     |  1- 3 |  4- 6 || total
---------------------------+-------+-------++-------
  Melee: Whip              |   127 |    11 ||   138
         Punch             |       |     1 ||     1
    Use: Scroll            |     4 |     1 ||     5
         Potion            |       |     3 ||     3
   Stab: Sleeping          |     2 |       ||     2
 Armour: Leather armour    |    71 |    12 ||    83
  Dodge: Dodged            |    86 |    13 ||    99

Table legend: (Time is in decaauts)
 A = Elapsed time spent in this place.
 B = Non-inter-level travel time spent in this place.
 C = Inter-level travel time spent in this place.
 D = Time resting spent in this place.
 E = Time spent auto-exploring this place.
 F = Levels seen in this place.
 G = Mean time per level.
                   A        B        C        D        E       F      G
               +--------+--------+--------+--------+--------+-----+--------+
         Total |   2096 |   2039 |     57 |      0 |   1685 |   3 |  698.7 |
       Dungeon |   2096 |   2039 |     57 |      0 |   1685 |   3 |  698.7 |
               +--------+--------+--------+--------+--------+-----+--------+

Top non-repeatable levels by time:
     D:1: 940 daAuts
     D:2: 829 daAuts
     D:3: 326 daAuts
